 Dungeon Crawl Stone Soup version 0.19.1 (webtiles) character file.

208 GordonOverkill the Skirmisher (level 5, -9/47 HPs)
             Began as a Minotaur Earth Elementalist on Dec 11, 2016.
             Mangled by an ogre
             ... wielding a cursed +0 giant spiked club
              (12 damage)
             ... on level 4 of the Dungeon.
             The game lasted 00:06:37 (4549 turns).

GordonOverkill the Skirmisher (MiEE)                Turns: 4549, Time: 00:06:38

Health: -9/47      AC: 10    Str: 14    XL:     5   Next: 55%
Magic:  6/6        EV:  7    Int: 17    God:
Gold:   184        SH:  0    Dex: 13    Spells: 1 memorised, 5 levels left

rFire  . . .     SeeInvis .     c - +1 spear
rCold  . . .     Gourm    .     t - +1 chain mail
rNeg   . . .     Faith    .     (no shield)
rPois  .         Spirit   .     (helmet restricted)
rElec  .         Reflect  .     (no cloak)
rCorr  .         Harm     .     (no gloves)
MR     .....                    (no boots)
Stlth  ..........               (no amulet)
                                f - +5 ring of intelligence
                                u - +3 ring of dexterity

@: very slightly contaminated, invisible
A: retaliatory headbutt, horns 2
a: no special abilities


You were on level 4 of the Dungeon.
You were very hungry.

You visited 1 branch of the dungeon, and saw 4 of its levels.

You collected 184 gold pieces.

Inventory:

Hand Weapons
 c - a +1 spear (weapon)
Missiles
 b - 160 stones (quivered)
Armour
 t - a +1 chain mail (worn)
Jewellery
 f - a +5 ring of intelligence (right hand)
 u - a +3 ring of dexterity (left hand)
Wands
 y - a wand of flame (14/48)
Scrolls
 l - a scroll of magic mapping {unknown}
 r - a scroll of immolation {unknown}
 v - a scroll of identify
Potions
 j - 2 potions of lignification
 m - a potion of agility
 o - a potion of cure mutation {unknown}
 p - a potion of might {unknown}
 s - a potion of berserk rage {unknown}
 A - a potion of magic {unknown}
 B - a potion of curing {unknown}
Books
 e - a book of Geomancy

   Spells                             Type                      Level
   a - Sandblast                      Earth                        1
   b - Passwall                       Transmutation/Earth          2
   c - Stone Arrow                    Conjuration/Earth            3
   d - Petrify                        Transmutation/Earth          4
   e - Lee's Rapid Deconstruction     Earth                        5
Comestibles
 a - 4 meat rations
 d - a bread ration
 h - a slice of pizza
 i - a beef jerky
 z - 2 fruits


   Skills:
 + Level 4.6 Fighting
 + Level 4.3 Armour
 - Level 2.1 Dodging
 - Level 1.5 Stealth
 - Level 1.3 Spellcasting
   Level 0.7 Transmutations
 - Level 2.4 Earth Magic


You had 5 spell levels left.
You knew the following spells:

 Your Spells              Type           Power        Failure   Level  Hunger
a - Sandblast             Erth           #.....       99%         1    ##.....


Dungeon Overview and Level Annotations

Branches:
Dungeon (4/15)
 Temple: D:4-7

Altars:

Annotations:
D:3 Plasmo's ghost, amateur GrFi


Innate Abilities, Weirdness & Mutations

You reflexively headbutt those who attack you in melee.
You have a pair of horns on your head.


Message History

You are no longer poisoned.
You fade into invisibility!
The adder bites you but does no damage.
The giant cockroach bites you but does no damage.
You are very lightly contaminated with residual magic.
The adder bites you but does no damage.
You hit the adder. You headbutt the adder.
You kill the adder!
The orc priest mumbles some strange prayers to Beogh against the giant cockroach.
The ogre struggles to resist.
The ogre shouts!
You hit the giant cockroach. You headbutt the giant cockroach.
You kill the giant cockroach!
You hit the ogre but do no damage.
The ogre hits you with a giant spiked club!
* * * LOW HITPOINT WARNING * * *
You hit the ogre.
The ogre is lightly wounded.
The ogre hits you with a giant spiked club!
You die...

############# #
#............ #.
+.......... #..
#...##....
#..##...##..# ######
#...#...##..###O@..#
#...'..?.......†..##
...##...##...o....#
...##...####+######
≈♣.#.o..##.
≈≈.'........
≈..#.........
#..########## +# #
...# ##..##.###...


You could see an ogre and an orc priest.

Vanquished Creatures
  A hound (D:4)
  A worker ant (D:3)
  4 gnolls
  5 adders
  An ooze (D:3)
  A worm (D:2)
  4 dart slugs
  2 leopard geckos
  3 orcs (D:4)
  5 giant cockroaches
  3 goblins (D:1)
  4 hobgoblins
  5 kobolds
  3 quokkas
  A ball python (D:3)
  4 bats
  5 frilled lizards
  7 rats
59 creatures vanquished.

Notes
Turn   | Place    | Note
-------+----------+-------------------------------------------
     0 | D:1      | GordonOverkill the Minotaur Earth Elementalist began the quest for the Orb.
     0 | D:1      | Reached XP level 1. HP: 14/14 MP: 1/1
   371 | D:1      | Reached skill level 1 in Fighting
   371 | D:1      | Reached skill level 1 in Armour
   391 | D:1      | Reached XP level 2. HP: 22/23 MP: 3/3
  1317 | D:2      | Reached XP level 3. HP: 28/29 MP: 4/4
  2194 | D:3      | Reached XP level 4. HP: 30/38 MP: 5/5
  2305 | D:3      | Noticed Plasmo's ghost (amateur GrFi)
  4083 | D:4      | Reached XP level 5. HP: 46/46 MP: 6/6
  4502 | D:4      | Noticed an ogre
  4548 | D:4      | HP: 2/47 [ogre/giant spiked club (8)]
  4549 | D:4      | Mangled by an ogre

Skill      XL: |  1  2  3  4 |
---------------+-------------+-----
Fighting       | 1 2 3 4 |  4.6
Armour         | 1 2 4 |  4.3
Dodging        | |  2.1
Stealth        | |  1.5
Spellcasting   | |  1.3
Transmutations | |  0.7
Earth Magic    | |  2.4

Action                   |  1- 3 |  4- 6 || total
-------------------------+-------+-------++-------
Melee: Club              |    71 |       ||    71
       Unarmed           |     6 |       ||     6
       Headbutt          |    20 |    20 ||    40
       Spear             |    22 |   119 ||   141
Throw: Stone             |     5 |       ||     5
  Use: Scroll            |       |    12 ||    12
       Potion            |       |     2 ||     2
 Stab: Sleeping          |     1 |       ||     1
  Eat: Chunk             |     4 |     6 ||    10
Armor: Robe              |     4 |       ||     4
       Ring mail         |    15 |     4 ||    19
       Chain mail        |       |    73 ||    73
Dodge: Dodged            |    59 |    44 ||   103
